 Dungeon Crawl Stone Soup version 0.22.0-38-g04b72b8 (webtiles) character file.

20052 iamserjio the Nimble (level 12, -6/73 HPs)
             Began as a Tengu Hunter on Aug 28, 2018.
             Was an Initiate of Uskayaw.
             Mangled by a spiny frog (16 damage)
             ... on level 1 of the Lair of Beasts.
             The game lasted 00:42:36 (15286 turns).

iamserjio the Nimble (Tengu Hunter)                Turns: 15286, Time: 00:42:37

Health: -6/73      AC: 10    Str: 13    XL:     12   Next: 75%
Magic:  15/19      EV: 45    Int: 11    God:    Uskayaw [......]
Gold:   700        SH:  6    Dex: 20    Spells: 11/11 levels left

rFire    . . .     SeeInvis .   v - +3 dagger (chaos)
rCold    . . .     Gourm    .   m - +0 buckler {AC+3}
rNeg     . . .     Faith    .   g - +2 robe {MR+}
rPois    +         Spirit   .   (helmet restricted)
rElec    .         Reflect  .   y - +0 cloak
rCorr    .         Harm     .   (no gloves)
MR       +....                  (boots unavailable)
Stlth    ++++......             Q - amulet of the acrobat
HPRegen  0.22/turn              q - ring of poison resistance
MPRegen  0.16/turn              W - +2 ring of protection

@: flying quickly and evasively, quick
A: beak, talons 3, able to fly 1
a: Renounce Religion


You were on level 1 of the Lair of Beasts.
You worshipped Uskayaw.
Uskayaw was aware of your devotion.
You were very hungry.

You visited 3 branches of the dungeon, and saw 13 of its levels.

You collected 700 gold pieces.

Inventory:

Hand Weapons
 a - a +4 scimitar of flaming
 n - a +1 dagger of electrocution
 v - a +3 dagger of chaos (weapon)
 P - a +4 scimitar
Missiles
 c - 6 javelins
 h - 17 tomahawks (quivered)
 R - 5 throwing nets {!f}
Armour
 g - a +2 robe of magic resistance (worn)
 m - a +0 buckler of protection (worn)
 y - a +0 cloak (worn)
 B - a +2 shield
 C - a +2 robe of the Archmagi
 S - a +0 troll leather armour
Jewellery
 l - an uncursed amulet of regeneration
 q - a ring of poison resistance (left hand)
 z - an uncursed ring of positive energy
 Q - an amulet of the acrobat (around neck)
 W - a +2 ring of protection (right hand)
Wands
 d - a wand of random effects (10)
 o - a wand of polymorph (5)
 N - a wand of paralysis (3)
 U - a wand of flame (47)
Scrolls
 e - a scroll of amnesia {unknown}
 i - 3 scrolls of remove curse {@r2}
 j - 3 scrolls of fear
 p - a scroll of magic mapping {unknown}
 t - a scroll of blinking {unknown}
 w - 3 scrolls of enchant weapon {unknown}
 x - a scroll of enchant armour {unknown}
 F - 4 scrolls of teleportation
 H - a scroll of fog {unknown}
 I - a scroll of vulnerability {unknown}
 K - 2 scrolls of noise {unknown}
Potions
 k - 2 potions of brilliance
 r - a potion of cancellation {unknown}
 s - 4 potions of lignification
 A - a potion of mutation {unknown}
 D - 2 potions of curing {@q1}
 J - 3 potions of flight {unknown}
 O - a potion of heal wounds
 V - 2 potions of might {unknown}
 X - 4 potions of degeneration {unknown}
Comestibles
 f - 21 rations


   Skills:
 - Level 8.0 Fighting
 - Level 6.2(8.2) Short Blades
 - Level 8.4(9.3) Long Blades
 - Level 4.0 Throwing
 - Level 12.0 Dodging
 - Level 8.0 Stealth
 - Level 4.0 Shields
 + Level 9.0 Invocations


You had 11 spell levels left.
You didn't know any spells.
Your spell library was empty.

Dungeon Overview and Level Annotations

Branches:
Dungeon (11/15)            Temple (1/1) D:5            Lair (1/6) D:10
    Orc (0/2) D:9

Altars:
Ashenzari
Cheibriados
Dithmenos
Elyvilon
Fedhas
Gozag
Hepliaklqana
Kikubaaqudgha
Makhleb
Nemelex Xobeh
Okawaru
Qazlal
Ru
Sif Muna
Trog
Uskayaw
Vehumet
Wu Jian
Xom
Yredelemnul
Zin
The Shining One

Shops:
D:2 *   D:6 %

Annotations:
D:9 Maurice
D:11 Erolcha


Innate Abilities, Weirdness & Mutations

You have a beak for a mouth.
You have claws for feet.
You can fly.


Message History

You stomp with the beat, sending a shockwave through the revelers around you!
The plant is moderately damaged.
You feel somewhat more hungry.
You can no longer stomp with the beat.
Something closely misses you.
Okay, then.
You barely miss something. Your kick misses something. You peck something.
Something stings you!!
* * * LOW HITPOINT WARNING * * *
Something stings you!
* * * LOW HITPOINT WARNING * * *
You feel better. Something barely misses you. Something stings you.
* * * LOW HITPOINT WARNING * * *
Something completely misses you. Something completely misses you.
A spiny frog appears from thin air!
Reactivating autopickup.
The spiny frog misses you. The spiny frog stings you!
You die...

##.###### ##.. .....#
#..##...## #... #...#.. .
##.......# ##...####≈..(... ..
#.......###P....%......# ...
#........###...........# ..
#...##..## ###.#.#.###.#.#
#...########.............#
#...######P..###.#PP#.##.###
#.............@F.............
##............................
#....................#########
##.#.####.###.###.#..# #.###
### ### ##...# #. ##..# #[
#...# #...# ##


You could see a spiny frog.

Vanquished Creatures
  A hydra (Lair:1)
  Harold (D:7)
  Erica (D:9)
  3 two-headed ogres
  An orc knight (D:11)
  2 ugly things (D:11)
  A spiny frog (Lair:1)
  Psyche (D:9)
  A kobold demonologist (D:11)
  6 trolls
  A polar bear (D:11)
  Grinder (D:5)
  Prince Ribbit (D:7)
  Sigmund (D:2)
  Eustachio (D:5)
  A vampire (D:10)
  A wyvern (D:11)
  25 yaks
  2 wargs
  2 porcupines (Lair:1)
  7 orc warriors
  3 sky beasts
  An eye of draining (shapeshifter) (D:9)
  4 phantoms
  3 centaurs
  12 ogres
  A crocodile (Lair:1)
  5 big kobolds
  9 bullfrogs
  4 gnoll sergeants
  A water moccasin zombie (D:7)
  6 scorpions
  A wyvern skeleton (D:9)
  16 killer bees
  7 wights
  A howler monkey (D:6)
  A bullfrog zombie (D:11)
  7 crimson imps
  A quasit (D:8)
  7 hounds
  6 jellies
  Crazy Yiuf (D:2)
  7 orc priests
  4 centaur skeletons
  3 bullfrog skeletons
  4 iguanas
  5 orc wizards
  Terence (D:1)
  7 worker ants
  A statue (D:6)
  A hound zombie (D:6)
  2 hound skeletons
  5 gnolls (D:9)
  7 adders
  2 shadow imps
  An ooze (D:4)
  An adder skeleton (D:8)
  A worm (D:2)
  5 dart slugs
  8 leopard geckos
  32 orcs
  2 ball pythons
  6 giant cockroaches
  6 goblins
  2 hobgoblins
  9 jackals
  16 kobolds
  A quokka (D:3)
  2 bats (D:3)
  7 frilled lizards
  A leopard gecko skeleton (D:4)
  A rat (D:2)
  3 fungi (D:2)
311 creatures vanquished.

Notes
Turn   | Place    | Note
-------+----------+-------------------------------------------
     0 | D:1      | iamserjio the Tengu Hunter began the quest for the Orb.
     0 | D:1      | Reached XP level 1. HP: 12/12 MP: 2/2
   244 | D:1      | Reached skill level 1 in Short Blades
   244 | D:1      | Reached XP level 2. HP: 13/17 MP: 3/3
   905 | D:1      | Reached XP level 3. HP: 17/22 MP: 4/4
  1174 | D:2      | Found Zin's Purification Station.
  1177 | D:2      | Found a glowing silver altar of Zin.
  1223 | D:2      | Noticed Terence
  1622 | D:2      | Reached skill level 3 in Dodging
  1978 | D:2      | Noticed Sigmund
  2051 | D:2      | Found a faded altar of an unknown god.
  2136 | D:3      | Reached XP level 4. HP: 27/27 MP: 5/5
  2698 | D:3      | Found a blossoming altar of Fedhas.
  2698 | D:3      | Found a burning altar of Makhleb.
  2699 | D:3      | Found an ancient bone altar of Kikubaaqudgha.
  2762 | D:4      | Noticed a phantom
  2859 | D:4      | Killed a phantom
  2859 | D:4      | Reached skill level 4 in Dodging
  2859 | D:4      | Gained mutation: You can fly. [Tengu growth]
  2859 | D:4      | Reached XP level 5. HP: 20/33 MP: 6/6
  3032 | D:4      | Noticed an ogre
  3218 | D:4      | Noticed an ogre
  3471 | D:4      | Reached XP level 6. HP: 10/39 MP: 7/7
  3745 | D:4      | Reached skill level 1 in Long Blades
  3745 | D:4      | Reached skill level 5 in Dodging
  3892 | D:4      | Reached XP level 7. HP: 9/44 MP: 5/8
  3990 | D:5      | Entered Level 5 of the Dungeon
  4112 | D:5      | Reached skill level 5 in Fighting
  4151 | D:5      | Noticed Grinder
  4338 | D:1      | Killed Terence
  4424 | D:2      | Killed Sigmund
  4548 | D:2      | Found a runed door.
  4553 | D:2      | Noticed Crazy Yiuf
  4563 | D:2      | Killed Crazy Yiuf
  4638 | D:5      | Paralysed by Grinder for 4 turns
  4655 | D:5      | Killed Grinder
  4655 | D:5      | Reached skill level 5 in Long Blades
  4655 | D:5      | Reached skill level 6 in Dodging
  4655 | D:5      | Reached XP level 8. HP: 35/50 MP: 5/9
  5185 | D:5      | Found a staircase to the Ecumenical Temple.
  5335 | D:5      | Noticed Eustachio
  5363 | D:5      | Reached skill level 7 in Dodging
  5410 | D:5      | Killed Eustachio
  5498 | D:5      | Reached XP level 9. HP: 36/56 MP: 6/10
  5645 | D:5      | Reached skill level 8 in Dodging
  5795 | D:6      | Found a basalt altar of Yredelemnul.
  5995 | D:6      | Found a radiant altar of Vehumet.
  6346 | Temple   | Entered the Ecumenical Temple
  6433 | Temple   | Became a worshipper of Uskayaw the Reveler
  6553 | D:6      | Found Ximiappo's Food Shoppe.
  6704 | D:6      | Reached * piety under Uskayaw
  6811 | D:6      | Reached ** piety under Uskayaw
  6869 | D:7      | Noticed Prince Ribbit
  6875 | D:7      | Killed Prince Ribbit
  6875 | D:7      | Reached skill level 1 in Invocations
  6875 | D:7      | Reached *** piety under Uskayaw
  6903 | D:7      | Reached **** piety under Uskayaw
  7127 | D:7      | Found an iron altar of Okawaru.
  7367 | D:7      | Reached ***** piety under Uskayaw
  7408 | D:7      | Reached skill level 9 in Dodging
  7439 | D:7      | Found a bloodstained altar of Trog.
  7444 | D:7      | Noticed Harold
  7464 | D:7      | Killed Harold
  7464 | D:7      | Reached XP level 10. HP: 32/64 MP: 7/13
  7599 | D:7      | Found a bloodstained altar of Trog.
  7867 | D:8      | Reached skill level 10 in Dodging
  8188 | D:8      | Found a sacrificial altar of Ru.
  8663 | D:9      | Found a shadowy altar of Dithmenos.
  8663 | D:9      | Noticed Erica
  9359 | D:9      | Found a shadowy altar of Dithmenos.
  9399 | D:9      | Found a staircase to the Orcish Mines.
  9637 | D:9      | Noticed Psyche
  9655 | D:9      | Killed Psyche
  9866 | D:9      | Reached skill level 11 in Dodging
 10042 | D:9      | Noticed Maurice
 10182 | D:9      | Noticed an orb spider
 10182 | D:9      | a shapeshifter changed into an orb spider
 10197 | D:9      | an orb spider changed into an eye of draining
 10207 | D:9      | Reached XP level 11. HP: 67/68 MP: 8/15
 10249 | D:9      | Reached skill level 5 in Invocations
 10314 | D:9      | HP: 2/68 [something/orb of energy (30)]
 10704 | D:9      | Killed Erica
 10930 | D:10     | Entered Level 10 of the Dungeon
 10937 | D:10     | Noticed a two-headed ogre
 11183 | D:9      | Reached skill level 1 in Shields
 11326 | D:9      | Killed a two-headed ogre
 11491 | D:10     | Found a staircase to the Lair.
 11668 | D:10     | Reached skill level 12 in Dodging
 13131 | D:11     | Reached skill level 5 in Short Blades
 13141 | D:11     | Reached ****** piety under Uskayaw
 13203 | D:11     | Noticed a cyan ugly thing
 13206 | D:11     | Reached XP level 12. HP: 71/73 MP: 18/18
 13319 | D:11     | Noticed a two-headed ogre
 13387 | D:11     | Killed a two-headed ogre
 13588 | D:11     | Reached skill level 5 in Stealth
 13780 | D:11     | Noticed a two-headed ogre
 13997 | D:11     | Killed a two-headed ogre
 14566 | D:11     | Noticed Erolcha
 14823 | Lair:1   | Entered Level 1 of the Lair of Beasts
 14823 | Lair:1   | Noticed a seven-headed hydra
 14832 | Lair:1   | Killed a three-headed hydra
 15286 | Lair:1   | Mangled by a spiny frog

Skill      XL: |  1  2  3  4  5  6  7  8  9 10 11 12 |
---------------+-------------------------------------+-----
Short Blades   | 1 2 5 6 |  6.2
Dodging        | 3 4 5 6 7 9 11 12 | 12.0
Fighting       | 3 4 5 6 8 |  8.0
Long Blades    | 2 5 8 |  8.4
Invocations    | 3 4 7 9 |  9.0
Stealth        | 2 4 8 |  8.0
Shields        | 4 |  4.0
Throwing       | |  4.0

Action                   |  1- 3 |  4- 6 |  7- 9 | 10-12 || total
-------------------------+-------+-------+-------+-------++-------
Melee: Short sword       |    88 |   143 |    85 |       ||   316
       Kick              |    26 |    44 |   126 |   295 ||   491
       Peck              |    15 |    17 |    83 |   191 ||   306
       Falchion          |       |       |    84 |       ||    84
       Dagger            |       |       |   206 |   755 ||   961
       Scimitar          |       |       |       |    22 ||    22
Throw: Throwing net      |     2 |       |     2 |       ||     4
       Javelin           |     1 |     5 |       |       ||     6
       Tomahawk          |       |     6 |       |     1 ||     7
Invok: Line Pass         |       |       |     1 |     6 ||     7
       Stomp             |       |       |       |     6 ||     6
 Abil: Fly               |       |     4 |    14 |    11 ||    29
Evoke: Wand              |       |       |    16 |     6 ||    22
  Use: Scroll            |     2 |     3 |     2 |     8 ||    15
       Potion            |       |       |     3 |     2 ||     5
 Stab: Sleeping          |     2 |     1 |     4 |     5 ||    12
       Distracted        |     1 |       |       |     1 ||     2
       Held in net/web   |     1 |       |       |       ||     1
       Paralysed         |       |       |     4 |    49 ||    53
       Confused          |       |       |     1 |     2 ||     3
  Eat: Chunk             |     3 |     3 |    11 |    15 ||    32
       Ration            |       |     1 |     1 |     4 ||     6
Armor: Leather armour    |     6 |    17 |     5 |       ||    28
       Robe              |     2 |       |    30 |    69 ||   101
Dodge: Dodged            |    58 |    73 |   250 |   606 ||   987
Block: Buckler           |       |       |       |    99 ||    99
       Rpst.: Falchion   |       |       |    12 |       ||    12
       Scimitar          |       |       |       |     2 ||     2
